 Dungeon Crawl Stone Soup version 0.22-a0-185-ge330310 (webtiles) character file.

691 vishdafish the Slasher (level 7, -1/55 HPs)
             Began as a Demonspawn Fighter on Feb 15, 2018.
             Slain by a hound (2 damage)
             ... on level 4 of the Dungeon.
             The game lasted 00:07:48 (4781 turns).

vishdafish the Slasher (Demonspawn Fighter)         Turns: 4781, Time: 00:07:49

Health: -1/55      AC:  7    Str: 16    XL:     7   Next: 36%
Magic:  8/8        EV:  7    Int: 11    God:
Gold:   260        SH:  9    Dex: 15    Spells: 6/6 levels left

rFire    . . .     SeeInvis .   a - +1 long sword
rCold    + . .     Gourm    .   c - +0 shield
rNeg     . . .     Faith    .   b - +0 scale mail
rPois    .         Spirit   .   (no helmet)
rElec    .         Reflect  .   (no cloak)
rCorr    .         Harm     .   (no gloves)
MR       .....                  (no boots)
Stlth    ..........             (no amulet)
HPRegen  0.18/turn              h - ring of protection from cold
MPRegen  0.11/turn              (no ring)

@: hasted, very quick
A: hooves 2, thin skeletal structure 1
a: no special abilities


You were on level 4 of the Dungeon.
You were near starving.

You visited 1 branch of the dungeon, and saw 5 of its levels.

You collected 260 gold pieces.

Inventory:

Hand Weapons
 a - a +1 long sword (weapon)
Armour
 b - a +0 scale mail (worn)
 c - a +0 shield (worn)
Jewellery
 h - a ring of protection from cold (left hand)
Wands
 m - a wand of iceblast (8)
 t - a wand of polymorph (9)
 u - a wand of flame (35)
Scrolls
 j - 2 scrolls of teleportation
 k - a scroll of fear {unknown}
 n - 2 scrolls of blinking
 r - a scroll of magic mapping
 s - a scroll of remove curse
Potions
 d - 2 potions of lignification
 e - 2 potions of degeneration
 i - a potion of brilliance {unknown}
 l - 2 potions of agility
 o - a potion of ambrosia {unknown}
 p - a potion of berserk rage {unknown}
Comestibles
 f - 4 rations


   Skills:
 - Level 4.3 Fighting
 * Level 4.8 Long Blades
 + Level 4.2 Armour
 + Level 4.2 Shields
 * Level 1.9 Evocations


You had 6 spell levels left.
You didn't know any spells.

Dungeon Overview and Level Annotations

Branches:
Dungeon (5/15)
 Temple: D:4-7

Altars:
Cheibriados
The Shining One

Shops:
D:4 }


Innate Abilities, Weirdness & Mutations

You have hoof-like feet.
You have a somewhat thin skeletal structure. (Dex +2, Stealth)


Message History

The orc wizard hits you with a dagger.
* * * LOW HITPOINT WARNING * * *
You barely miss the orc wizard.
The orc wizard is heavily wounded.
The hound bites you but does no damage.
The orc wizard hits you but does no damage.
Unknown command.
You closely miss the orc wizard.
The orc wizard is heavily wounded.
The hound closely misses you.
You riposte.
You hit the hound. Your kick misses the hound.
The hound is almost dead.
The orc wizard hits you with a dagger.
* * * LOW HITPOINT WARNING * * *
You hit the orc wizard. Your kick misses the orc wizard.
The orc wizard is severely wounded.
The hound bites you.
* * * LOW HITPOINT WARNING * * *
You block the orc wizard's attack. The hound bites you.
You die...

##.....## #)#.......###
##.......## #.#.#.......#
#.........####........#.#
'.........'.......#.###.#
#.........#.......#.# #.#
##.......##.###.#...# #.#
##.....###.#.._..#####.#
##...## #.#.#h#.......#
##+## #.....@.####### #.#
#####o### #.# #.#
#####.## #.# ...#...##
#.# ##......# #.#
#.....## #.#
##....#########.#
...............)#


You could see a hound and an orc wizard.

Vanquished Creatures
  Grinder (D:3)
  A scorpion (D:4)
  A crimson imp (D:5)
  2 hounds
  2 orc wizards (D:3)
  3 orc priests
  A worker ant (D:4)
  3 gnolls (D:4)
  5 adders
  An ooze (D:2)
  3 worms
  2 dart slugs
  7 leopard geckos
  4 orcs
  7 giant cockroaches
  15 hobgoblins
  3 jackals (D:3)
  3 kobolds
  3 quokkas
  2 ball pythons
  9 bats
  5 frilled lizards
  3 goblins
  A leopard gecko skeleton (D:5)
  6 rats
93 creatures vanquished.

Notes
Turn   | Place    | Note
-------+----------+-------------------------------------------
     0 | D:1      | vishdafish the Demonspawn Fighter began the quest for the Orb.
     0 | D:1      | Reached XP level 1. HP: 18/18 MP: 1/1
     3 | D:1      | Noticed an electric eel
     3 | D:1      | Noticed an electric eel
   507 | D:2      | Found a snail-covered altar of Cheibriados.
   595 | D:2      | Gained mutation: You have large cloven feet. [demonic ancestry]
   595 | D:2      | Reached XP level 2. HP: 18/24 MP: 2/2
   731 | D:2      | Reached XP level 3. HP: 29/29 MP: 3/3
   842 | D:2      | Found a faded altar of an unknown god.
  1442 | D:2      | Reached XP level 4. HP: 25/35 MP: 4/4
  2007 | D:3      | Gained mutation: You have a somewhat thin skeletal structure. (Dex +2, Stealth) [demonic ancestry]
  2007 | D:3      | Reached XP level 5. HP: 42/42 MP: 5/5
  2433 | D:3      | Noticed Grinder
  2434 | D:3      | Paralysed by Grinder for 4 turns
  2894 | D:3      | Killed Grinder
  2894 | D:3      | Gained mutation: You have hoof-like feet. [demonic ancestry]
  2894 | D:3      | Reached XP level 6. HP: 6/48 MP: 6/6
  3424 | D:4      | Found Tydi's Gadget Shop.
  3751 | D:4      | Reached skill level 1 in Evocations
  3751 | D:4      | Reached XP level 7. HP: 54/55 MP: 7/7
  3895 | D:4      | Found a glowing golden altar of the Shining One.
  4530 | D:5      | Entered Level 5 of the Dungeon
  4781 | D:4      | HP: 1/55 [hound (4)]
  4781 | D:4      | Slain by a hound

Vault maps used:
D:1:      arrival_aquarium_b, kennysheep_small_spiral
D:2:      kennysheep_six_static_rooms, chequers_ecumenical_altar_lobes,
          minmay_misc_feat_x, cheibriados_altar_1
D:3:      uniq_grinder
D:4:      lemuel_crystal_altar, serial_shops, nicolae_shop_waterfront,
          minivault_24, grunt_ministairs_8
D:5:      first_ration, uniq_pikel

Skill      XL: |  1  2  3  4  5  6 |
---------------+-------------------+-----
Long Blades    | 2 3 4 |  4.8
Armour         | 3 4 |  4.2
Shields        | 3 4 |  4.2
Fighting       | 4 |  4.3
Evocations     | 1 |  1.9

Action                   |  1- 3 |  4- 6 |  7- 9 || total
-------------------------+-------+-------+-------++-------
Melee: Long sword        |    90 |   131 |    56 ||   277
       Kick              |    19 |    31 |    19 ||    69
Evoke: Wand              |       |     2 |       ||     2
  Use: Scroll            |     5 |     3 |     3 ||    11
       Potion            |       |     2 |     2 ||     4
  Eat: Chunk             |     1 |     8 |     2 ||    11
Armor: Scale mail        |    41 |    57 |    23 ||   121
Dodge: Dodged            |    22 |    30 |    14 ||    66
Block: Shield            |    36 |    65 |    31 ||   132
       Rpst.: Long sword |     8 |     7 |     8 ||    23

Table legend:
 A = Spawn XP
 B = Non-spawn XP
 C = Spawn XP percentage of total XP
 D = Spawn monster count
 E = Non-spawn monster count
 F = Spawn count percentage of total count
 G = Total turns spent on level
                    A         B        C        D         E        F      G
               +---------+---------+-------+---------+---------+-------+---------
         Total |       0 |     988 |   0.0 |       0 |      93 |   0.0 |  4781
               +---------+---------+-------+---------+---------+-------+---------
           D:1 |       0 |      10 |   0.0 |       0 |       7 |   0.0 |   501
           D:2 |       0 |      98 |   0.0 |       0 |      34 |   0.0 |  1215
           D:3 |       0 |     519 |   0.0 |       0 |      33 |   0.0 |  1660
           D:4 |       0 |     195 |   0.0 |       0 |      10 |   0.0 |  1159
           D:5 |       0 |     166 |   0.0 |       0 |       9 |   0.0 |   246
               +---------+---------+-------+---------+---------+-------+---------
